AoeStats
← gordonek320

Black Forest

506179708Analyzed
4v4 RM · 20d ago on Sep 12, 2026· 69m 50s· 8 players
Game mode
Random Map
Map size
Large (8 player)
Population
200
Speed
Normal
Resources
Standard
Victory
Conquest
Starting age
Dark Age
Ending age
Imperial Age
RankedLock teamsTeams togetherTeam positionsShared explorationLock speedFull tech treeHidden civsTurbo modeCheats
Victory
Defeat
🇵🇱 Khmer · Poland
1000
+10
🇷🇺 Romans · Russia
737
+6
🇵🇱 Tatars · Poland
578
+10
🇵🇱 Turks · Poland
537
+12
🇹🇼 Celts · Taiwan
707
-15
🇺🇸 Sicilians · United States
489
-7
🇨🇳 Teutons · China
337
-4
🇭🇰 Poles · Hong Kong SAR China
337
-4
daXninja
11:41 Feudal Age
39:15 Castle Age
40:28 Pikeman
2519544242
3:44 Loom
11:04 Feudal Age
12:23 Wheelbarrow
17:39 Forging
17:30 Scale Mail Armor
17:35 Scale Barding Armor
22:16 Castle Age
20:40 Horse Collar
20:56 Double-Bit Axe
22:04 Gold Mining
22:04 Stone Mining
23:31 Bow Saw
23:31 Heavy Plow
25:23 Hand Cart
26:13 Caravan
26:44 Coinage
35:35 Stone Shaft Mining
34:51 Town Watch
39:54 Pikeman
41:52 Light Cavalry
42:43 Bloodlines
42:34 Husbandry
46:03 Imperial Age
44:42 Szlachta Privileges
47:01 Iron Casting
46:42 Chain Mail Armor
46:48 Chain Barding Armor
46:30 Cavalier
46:31 Winged Hussar
46:41 Elite Obuch
47:44 Lechitic Legacy
48:22 Masonry
47:54 Treadmill Crane
48:36 Ballistics
48:20 Elite Skirmisher
3391171610
1:20 Loom
15:21 Feudal Age
15:53 Horse Collar
16:03 Double-Bit Axe
16:51 Stone Mining
22:13 Wheelbarrow
21:39 Gold Mining
27:57 Castle Age
28:38 Heavy Plow
28:51 Bow Saw
29:21 Stone Shaft Mining
29:59 Hand Cart
35:09 Ballistics
38:59 Imperial Age
38:04 Scale Mail Armor
38:34 Forging
40:20 Chain Mail Armor
40:41 Iron Casting
NINEKAGE
3:17 Loom
13:43 Feudal Age
17:45 Man-at-Arms
18:11 Arson
21:07 Double-Bit Axe
26:22 Fletching
26:23 Horse Collar
31:36 Castle Age
29:46 Stone Mining
29:52 Gold Mining
32:39 Forging
32:33 Scale Mail Armor
36:40 Heavy Plow
41:49 Stronghold
44:24 Wheelbarrow
43:36 Town Watch
55:50 Imperial Age
54:17 Bow Saw
54:27 Hand Cart
54:13 Town Patrol
54:37 Forging
54:33 Scale Barding Armor
54:25 Bodkin Arrow
56:15 Onager
58:38 Heavy Scorpion
61:12 Conscription
61:31 Iron Casting
61:16 Chain Barding Armor
61:14 Chain Mail Armor
60:49 Elite Woad Raider
64:17 Furor Celtica
Riddler
0:55 Loom
17:55 Feudal Age
18:27 Town Watch
24:01 Castle Age
22:01 Man-at-Arms
23:03 Double-Bit Axe
23:19 Gold Mining
25:11 Squires
25:28 Town Patrol
30:58 Wheelbarrow
31:59 Horse Collar
33:04 Ballistas
32:25 Long Swordsman
37:58 Imperial Age
36:17 Forging
36:08 Scale Mail Armor
36:58 Heavy Plow
37:44 Gold Shaft Mining
40:22 Comitatenses
40:37 Legionary
43:34 Conscription
44:15 Iron Casting
44:39 Heavy Scorpion
56:40 Blast Furnace
61:04 Chemistry
60:25 Ballistics
60:28 Chain Mail Armor
60:31 Onager
61:23 Stone Mining
61:53 Bow Saw
62:15 Crop Rotation
gordonek320
6:08 Loom
14:59 Feudal Age
17:31 Wheelbarrow
17:52 Town Watch
20:04 Gold Mining
20:16 Double-Bit Axe
22:26 Scale Mail Armor
27:02 Castle Age
27:31 Forging
27:08 Horse Collar
29:45 Bow Saw
35:50 Stone Mining
36:03 Heavy Plow
37:04 Iron Casting
36:45 Chain Mail Armor
36:21 Fletching
36:32 Padded Archer Armor
38:30 Hand Cart
43:52 Imperial Age
44:04 Elite Janissary
47:52 Leather Archer Armor
50:14 Man-at-Arms
51:38 Conscription
51:26 Long Swordsman
52:31 Two-Handed Swordsman
57:42 Champion
{supa_n1ga}
0:50 Loom
12:38 Feudal Age
13:34 Man-at-Arms
24:23 Wheelbarrow
Osama Bin Russel
14:58 Feudal Age
16:21 Wheelbarrow
15:33 Town Watch
19:26 Double-Bit Axe
19:23 Horse Collar
20:57 Stone Mining
20:57 Gold Mining
24:25 Castle Age
24:45 Loom
26:43 Scale Barding Armor
27:19 Hand Cart
27:07 Town Patrol
29:13 Stone Shaft Mining
29:16 Gold Shaft Mining
28:43 Heavy Plow
29:23 Bow Saw
37:49 Caravan
38:21 Coinage
42:02 Chain Barding Armor
46:03 Imperial Age
Connection lost

Rejoining the realm…

Still unreachable

The connection could not be restored.

Session expired

The server has moved on; the page needs a fresh start.